 Dungeon Crawl Stone Soup version 0.30-a0-159-g068b764562 (webtiles) character file.

Game seed: 404216126701990566

54637 qw the Peltast (level 14, -2/88 HPs)
             Began as a Gargoyle Fighter on Sept 27, 2022.
             Was a High Priest of Okawaru.
             Slain by a Hell Sentinel (21 damage)
             ... on level 3 of the Abyss.
             The game lasted 00:06:46 (17582 turns).

qw the Peltast (Gargoyle Fighter)                  Turns: 17582, Time: 00:06:47

Health: -2/88      AC: 38    Str: 27    XL:     14   Next: 73%
Magic:  18/21      EV: 12    Int: 10    God:    Okawaru [*****.]
Gold:   763        SH: 19    Dex:  6    Spells: 13/13 levels left

rFire   . . .      SeeInvis .    h - +7 war axe
rCold   . . .      Faith    .    e - +0 tower shield
rNeg    + . .      Spirit   .    m - +2 plate armour
rPois   inf        Reflect  .    (helmet restricted)
rElec   +          Harm     .    o - +2 cloak
rCorr   .          Rampage  .    (no gloves)
Will    +....                    x - +0 pair of boots
Stlth   ..........               (no amulet)
HPRegen 0.24/turn                y - +4 ring of evasion
MPRegen 0.17/turn                b - +4 ring of protection

@: about to teleport, heroic, finesse-ful, flying
A: sickness immunity, AC +10, big wings, negative energy resistance 1,
electricity resistance, torment resistance 1, petrification resistance, horns 1,
clumsy 1, strong 1
a: Renounce Religion, Heroism, Finesse, Duel


You were on level 3 of the Abyss.
You worshipped Okawaru.
Okawaru was extremely pleased with you.
You visited 3 branches of the dungeon, and saw 16 of its levels.
You visited the Abyss 1 time.

You collected 1171 gold pieces.
You spent 408 gold pieces at shops.


Innate Abilities, Weirdness & Mutations

You are immune to sickness and miasma.
Your stone body is resilient. (AC +10)
You are immune to poison.
Your large and strong wings let you fly.
You resist negative energy. (rN+)
You are resistant to electric shocks. (rElec)
You are resistant to unholy torment.
You are immune to petrification.
You have a pair of small horns on your head.
You are clumsy. (Dex -2)
Your muscles are strong. (Str +4, Int/Dex -1)


   Skills:
 - Level 10.0(15.0) Fighting
 + Level 13.9(18.9) Axes
 - Level 5.1(10.1) Throwing
 - Level 9.1(14.1) Armour
 - Level 1.6(6.6) Dodging
 - Level 15.0(20.0) Shields
 - Level 10.0 Invocations


You had 13 spell levels left.
You didn't know any spells.
Your spell library was empty.

Inventory:

Hand Weapons
 h - a +7 war axe (weapon)
 t - a +0 morningstar
Missiles
 c - 3 boomerangs
 f - a silver javelin (quivered)
 w - 6 javelins
Armour
 e - a +0 tower shield (worn)
 m - a +2 plate armour (worn)
 n - +0 acid dragon scales
 o - a +2 cloak (worn)
 x - a +0 pair of boots (worn)
Jewellery
 b - a +4 ring of protection (right hand)
 i - a ring of protection from fire
 j - a ring of ice
 y - a +4 ring of evasion (left hand)
Scrolls
 p - 5 scrolls of teleportation
 u - 10 scrolls of identify
Potions
 d - 2 potions of might
 g - 5 potions of mutation
 k - 5 potions of attraction
 l - 3 potions of lignification
 q - 9 potions of curing
 r - a potion of magic
 s - a potion of haste
 v - a potion of resistance

Dungeon Overview and Level Annotations

Branches:
Dungeon (10/15)            Temple (1/1) D:4            Lair (5/5) D:10
 Shoals (0/4) Lair:2        Snake (0/4) Lair:2        Slime (0/5) Lair:4
    Orc: D:9-12

Altars:
Ashenzari
Cheibriados
Dithmenos
Elyvilon
Fedhas
Gozag
Hepliaklqana
Kikubaaqudgha
Makhleb
Nemelex Xobeh
Okawaru
Qazlal
Ru
Sif Muna
Trog
Uskayaw
Vehumet
Wu Jian
Xom
Yredelemnul
Zin
The Shining One
Jiyva

Shops:
D:7 ?

Annotations:
D:5 2 runed translucent doors, Crazy Yiuf; qw's ghost, amateur GrFi
D:8 2 transporters, qw's ghost, novice GrFi
D:10 2 transporters, qw's ghost, journeyman GrFi


Message History

You block the thrashing horror's attack.
The thrashing horror barely misses you.
The thrashing horror closely misses you. x2
The thrashing horror tramples you.
You are shoved backwards!
You hit the thrashing horror.
Your headbutt misses the thrashing horror.
The thrashing horror is lightly damaged.
You block the thrashing horror's attack. x2
You barely miss the thrashing horror.
Your headbutt misses the thrashing horror.
The thrashing horror is heavily damaged.
You slash the thrashing horror! x2
The thrashing horror tramples you!
You are shoved backwards!
You block the thrashing horror's attack.
The thrashing horror barely misses you.
17580 ||| READING 6 scrolls of teleportation.
As you read the scroll of teleportation, it crumbles to dust.
You feel strangely unstable.
You feel the power of the Abyss delaying your translocation!
You block the thrashing horror's attack.
The thrashing horror tramples you but does no damage.
You block the thrashing horror's attack.
The thrashing horror tramples you but does no damage.
The Hell Sentinel hits you but does no damage. x2
You hit the Hell Sentinel but do no damage.
The Hell Sentinel is moderately wounded.
You hit the thrashing horror.
You block the thrashing horror's attack.
The thrashing horror misses you.
You barely miss the thrashing horror. You headbutt the thrashing horror!
The thrashing horror is heavily damaged.
You closely miss the thrashing horror. You hit the thrashing horror.
You hit the Hell Sentinel.
You block the thrashing horror's attack. x2
The thrashing horror tramples you but does no damage.
The thrashing horror closely misses you.
The thrashing horror barely misses you.
The thrashing horror tramples you but does no damage.
The Hell Sentinel hits you!!
You die...

#.. . .. .#..
.........#.
............
..........
........ .
#.....# .#
#.#...###..#
##...XX.....#
#..%%.@....#
##...X1##.....
#..........#.
#.....#.##..
#.......#
#........
#..........
..........# .
..........


You could see a Hell Sentinel and 3 thrashing horrors.

Vanquished Creatures
  A lich (Abyss:3)
  A tentacled starspawn (Abyss:3)
  Nessos (Lair:5)
  Harold (D:10)
  5 hydras
  Erica (D:9)
  3 two-headed ogres
  3 death yaks (Lair:3)
  3 thrashing horrors (Abyss:3)
  A sixfirhy (Abyss:3)
  An oklob plant (Lair:1)
  Maurice (D:8)
  A manticore (Lair:3)
  22 elephants
  7 black mambas
  13 cane toads
  2 torpor snails
  An orange demon (D:10)
  5 rime drakes
  Psyche (D:8)
  A kobold demonologist (D:9)
  8 komodo dragons
  An ice devil (D:10)
  A queen bee (Lair:3)
  2 trolls
  2 polar bears (Lair:4)
  A hornet (D:8)
  Prince Ribbit (D:8)
  A snapping turtle (Lair:2)
  5 dream sheep (Lair:5)
  3 raiju (Abyss:3)
  17 blink frogs
  A shadow (D:10)
  Sigmund (D:2)
  A ynoxinul (Abyss:3)
  4 wyverns
  3 basilisks (Lair:3)
  32 yaks
  A neqoxec (D:10)
  3 steam dragons
  3 nagas (Lair:2)
  2 vampire mosquitoes (D:10)
  Edmund (D:5)
  An acid dragon (D:10)
  A hell hound (Lair:5)
  21 water moccasins
  An orc warrior (D:9)
  An ice beast (D:4)
  A small abomination (Abyss:3)
  An ogre (D:5)
  4 wolves (Lair:3)
  2 centaurs
  2 kobold brigands (D:9)
  3 phantoms
  9 bullfrogs
  2 gnoll sergeants
  5 necrophages
  A scorpion (D:7)
  21 wights
  37 killer bees
  4 electric eels
  9 howler monkeys
  5 jellies
  A quasit (D:10)
  An orc priest (D:5)
  12 hounds
  5 iguanas
  5 orc wizards
  15 gnolls
  7 adders
  A shadow imp (D:5)
  3 worms
  A dart slug (D:1)
  22 orcs
  2 endoplasms
  3 giant cockroaches (D:2)
  12 goblins
  3 hobgoblins
  3 quokkas
  3 ball pythons
  6 bats
  3 frilled lizards
  13 kobolds
  5 rats
  2 starspawn tentacles (Abyss:3)
428 creatures vanquished.

Vanquished Creatures (others)
  3 demonic plants (D:10)
  22 fungi
  27 plants
  2 starspawn tentacles (Abyss:3)
54 creatures vanquished.

Grand Total: 482 creatures vanquished

Notes
Turn   | Place    | Note
-------+----------+-------------------------------------------
     0 | D:1      | qw the Gargoyle Fighter began the quest for the Orb.
     0 | D:1      | Reached XP level 1. HP: 14/14 MP: 1/1
     0 | D:1      | 0 ||| qw: Version: 0.2-a-10-g37ed214
     0 | D:1      | 0 ||| qw: Game counter: 552
     0 | D:1      | 0 ||| qw: Always use a shield: true
     0 | D:1      | 0 ||| qw: God list: Okawaru
     0 | D:1      | 0 ||| qw: Allow faded altars: false
     0 | D:1      | 0 ||| qw: Do Orc after D:15 true
     0 | D:1      | 0 ||| qw: Do second Lair branch before Depths: true
     0 | D:1      | 0 ||| qw: Lair rune preference: random
     0 | D:1      | 0 ||| qw: Plans: Normal, Zot:1-4, God:TSO, Crypt, Tomb,
                  | Pan, Slime:5, Hells, Abyss, Orb
     0 | D:1      | 0 ||| PLANNING D:1-11
   254 | D:1      | Reached XP level 2. HP: 19/19 MP: 2/2
   370 | D:1      | 370 ||| Stepping ~*~*~tactically~*~*~ (hiding).
   502 | D:1      | 502 ||| Stepping ~*~*~tactically~*~*~ (stealth).
   527 | D:1      | Reached skill level 3 in Axes
   629 | D:1      | 629 ||| READING 2 scrolls labelled LOUCICLI VUZIC.
   630 | D:1      | 630 ||| READING scroll labelled YHOKKA WUYKAXE.
   635 | D:1      | 635 ||| DRINKING 3 green potions.
   635 | D:1      | Gained mutation: You have a pair of small antennae on your
                  | head. [potion of mutation]
   635 | D:1      | Gained mutation: Your mind is acute. (Int +4, Str/Dex -1)
                  | [potion of mutation]
   635 | D:1      | Gained mutation: You expend magic power (3 MP) to
                  | strengthen your wands. [potion of mutation]
   636 | D:1      | 636 ||| DRINKING 2 clear potions.
   637 | D:1      | 637 ||| DRINKING 2 golden potions.
   638 | D:1      | 638 ||| DROPPING scroll of poison.
   639 | D:1      | 639 ||| DROPPING potion of brilliance.
   686 | D:2      | 686 ||| Stepping ~*~*~tactically~*~*~ (stealth).
   687 | D:2      | 687 ||| Stepping ~*~*~tactically~*~*~ (stealth).
   694 | D:2      | Reached XP level 3. HP: 23/23 MP: 3/3
   730 | D:2      | 730 ||| Stepping ~*~*~tactically~*~*~ (stealth).
   733 | D:2      | Reached skill level 1 in Throwing
   914 | D:2      | 914 ||| Stepping ~*~*~tactically~*~*~ (hiding).
   915 | D:2      | 915 ||| Stepping ~*~*~tactically~*~*~ (hiding).
   916 | D:2      | 916 ||| Stepping ~*~*~tactically~*~*~ (hiding).
  1007 | D:2      | Noticed Sigmund
  1008 | D:2      | 1008 ||| Stepping ~*~*~tactically~*~*~ (hiding).
  1009 | D:2      | 1009 ||| Stepping ~*~*~tactically~*~*~ (hiding).
  1019 | D:2      | 1019 ||| DRINKING potion of curing.
  1019 | D:2      | 1019 ||| (to cure confusion)
  1024 | D:2      | Killed Sigmund
  1025 | D:2      | Reached XP level 4. HP: 19/28 MP: 4/4
  1025 | D:2      | Reached XP level 5. HP: 22/32 MP: 5/5
  1127 | D:2      | Found an ornate altar of the Wu Jian Council.
  1294 | D:2      | 1294 ||| DROPPING +0 club.
  1474 | D:2      | 1474 ||| UPGRADING to +0 tower shield.
  1484 | D:2      | 1484 ||| DROPPING +0 buckler.
  1485 | D:2      | 1485 ||| UPGRADING to +2 cloak.
  1490 | D:2      | 1490 ||| READING scroll labelled RIALUW NEWKACS.
  1491 | D:2      | 1491 ||| READING scroll labelled NISUSKU YWKOXO.
  1492 | D:2      | 1492 ||| READING scroll labelled XATSOX JUNOJ.
  1493 | D:2      | 1493 ||| READING scroll labelled XUNIGH ZATI.
  1494 | D:2      | 1494 ||| DRINKING 2 sedimented orange potions.
  1495 | D:2      | 1495 ||| DRINKING 2 pink potions.
  1641 | D:3      | 1641 ||| Stepping ~*~*~tactically~*~*~ (hiding).
  1642 | D:3      | 1642 ||| Stepping ~*~*~tactically~*~*~ (hiding).
  1911 | D:3      | Reached XP level 6. HP: 28/37 MP: 6/6
  2004 | D:3      | 2004 ||| DROPPING +0 mace.
  2102 | D:3      | 2102 ||| Stepping ~*~*~tactically~*~*~ (stealth).
  2497 | D:3      | Found a faded altar of an unknown god.
  2524 | D:3      | 2524 ||| UPGRADING to ring of protection from fire.
  2525 | D:3      | 2525 ||| READING scroll labelled XILLIO TARPHUNK.
  2526 | D:3      | 2526 ||| READING scroll labelled FAS GYOWOICI.
  2536 | D:4      | Noticed an ice beast
  2546 | D:4      | Killed an ice beast
  2547 | D:4      | Reached skill level 4 in Shields
  2549 | D:4      | Found a basalt altar of Yredelemnul.
  2757 | D:4      | Found a sparkling altar of Nemelex Xobeh.
  2778 | D:4      | Reached skill level 5 in Shields
  2842 | D:4      | Reached XP level 7. HP: 35/41 MP: 7/7
  2980 | D:4      | 2980 ||| DROPPING +0 flail.
  3061 | D:4      | Reached skill level 6 in Shields
  3394 | D:4      | Found a staircase to the Ecumenical Temple.
  3395 | D:4      | 3395 ||| PLANNING TEMPLE
  3395 | D:4      | 3395 ||| UPGRADING to +0 chain mail.
  3405 | D:4      | 3405 ||| DROPPING +0 scale mail.
  3406 | D:4      | 3406 ||| READING scroll labelled XIEFUILIPN.
  3413 | Temple   | Entered the Ecumenical Temple
  3588 | Temple   | 3588 ||| PLANNING OKAWARU WORSHIP
  3742 | Temple   | Became a worshipper of Warmaster Okawaru
  3743 | Temple   | 3743 ||| PLANNING D:1-11
  3772 | D:4      | 3772 ||| Stepping ~*~*~tactically~*~*~ (stealth).
  3777 | D:4      | 3777 ||| Stepping ~*~*~tactically~*~*~ (stealth).
  3778 | D:4      | 3778 ||| Stepping ~*~*~tactically~*~*~ (stealth).
  4245 | D:4      | 4245 ||| DROPPING +2 cloak.
  4270 | D:5      | Entered Level 5 of the Dungeon
  4291 | D:5      | Reached skill level 7 in Shields
  4291 | D:5      | 4291 ||| Stepping ~*~*~tactically~*~*~ (stealth).
  4312 | D:5      | Found a runed translucent door.
  4312 | D:5      | Noticed qw's ghost (amateur GrFi)
  4447 | D:5      | Reached * piety under Okawaru
  4448 | D:5      | Reached skill level 8 in Shields
  4448 | D:5      | Reached XP level 8. HP: 25/46 MP: 8/8
  4686 | D:5      | Noticed Edmund
  4687 | D:5      | 4687 ||| INVOKING Heroism.
  4688 | D:5      | 4688 ||| INVOKING Heroism.
  4697 | D:5      | 4697 ||| INVOKING Heroism.
  4706 | D:5      | 4706 ||| INVOKING Heroism.
  4707 | D:5      | Killed Edmund
  4809 | D:5      | 4809 ||| Stepping ~*~*~tactically~*~*~ (hiding).
  4898 | D:5      | Reached skill level 1 in Invocations
  4922 | D:5      | 4922 ||| Stepping ~*~*~tactically~*~*~ (hiding).
  4924 | D:5      | 4924 ||| INVOKING Heroism.
  5054 | D:5      | Noticed a yak
  5055 | D:5      | 5055 ||| Stepping ~*~*~tactically~*~*~ (stealth).
  5059 | D:5      | Noticed a yak
  5061 | D:5      | 5061 ||| INVOKING Heroism.
  5061 | D:5      | Noticed a yak
  5061 | D:5      | Noticed a yak
  5062 | D:5      | 5062 ||| Stepping ~*~*~tactically~*~*~ (stealth).
  5070 | D:5      | Killed a yak
  5071 | D:5      | Reached skill level 9 in Shields
  5075 | D:5      | 5075 ||| INVOKING Heroism.
  5077 | D:5      | Noticed a yak
  5078 | D:5      | Killed a yak
  5079 | D:5      | Reached skill level 3 in Invocations
  5091 | D:5      | 5091 ||| INVOKING Heroism.
  5095 | D:5      | Killed a yak
  5099 | D:5      | HP: 6/48 [yak (10)]
  5100 | D:5      | 5100 ||| READING 6 scrolls of teleportation.
  5101 | D:5      | 5101 ||| DRINKING potion of heal wounds.
  5106 | D:5      | 5106 ||| INVOKING Heroism.
  5268 | D:5      | Reached skill level 6 in Axes
  5268 | D:5      | Reached XP level 9. HP: 51/52 MP: 12/12
  5378 | D:5      | Found a runed translucent door.
  5379 | D:5      | Noticed Crazy Yiuf
  5500 | D:5      | 5500 ||| INVOKING Heroism.
  5589 | D:5      | 5589 ||| READING 2 scrolls labelled OMOUCI IMUFAP.
  5650 | D:5      | 5650 ||| READING scroll labelled WABBUB UCH.
  5651 | D:5      | 5651 ||| DRINKING 2 bubbling clear potions.
  5752 | D:5      | 5752 ||| READING 2 scrolls of identify.
  5752 | D:5      | 5752 ||| IDENTIFYING brown potion
  5753 | D:5      | 5753 ||| DROPPING potion of ambrosia.
  5754 | D:5      | 5754 ||| DROPPING scroll of torment.
  5755 | D:5      | 5755 ||| DROPPING potion of flight.
  5756 | D:5      | 5756 ||| READING 5 scrolls of teleportation.
  5829 | D:6      | 5829 ||| INVOKING Heroism.
  5830 | D:6      | 5830 ||| STAIRDANCE
  5867 | D:6      | 5867 ||| STAIRDANCE
  5869 | D:5      | 5869 ||| INVOKING Heroism.
  5922 | D:6      | 5922 ||| INVOKING Heroism.
  6089 | D:6      | 6089 ||| INVOKING Heroism.
  6134 | D:6      | 6134 ||| INVOKING Heroism.
  6255 | D:6      | 6255 ||| READING scroll of enchant weapon.
  6255 | D:6      | 6255 ||| ENCHANTING +1 war axe.
  6378 | D:6      | Reached skill level 10 in Shields
  6403 | D:6      | Reached ** piety under Okawaru
  6405 | D:6      | 6405 ||| INVOKING Heroism.
  6533 | D:6      | 6533 ||| INVOKING Heroism.
  6576 | D:6      | 6576 ||| INVOKING Heroism.
  6807 | D:6      | 6807 ||| UPGRADING to +4 ring of protection.
  6808 | D:6      | 6808 ||| READING 2 scrolls of identify.
  6808 | D:6      | 6808 ||| IDENTIFYING emerald potion
  6809 | D:6      | 6809 ||| DROPPING potion of invisibility.
  6868 | D:7      | 6868 ||| PLANNING OSSUARY
  6870 | D:7      | Found Cyirasm's Magic Scroll Shop.
  6879 | D:7      | 6879 ||| BUYING 2 scrolls of enchant weapon (180 gold).
  6879 | D:7      | Bought 2 scrolls of enchant weapon for 180 gold pieces
  6879 | D:7      | 6879 ||| BUYING scroll of enchant weapon (90 gold).
  6879 | D:7      | Bought a scroll of enchant weapon for 90 gold pieces
  6879 | D:7      | 6879 ||| BUYING scroll of enchant weapon (90 gold).
  6879 | D:7      | Bought a scroll of enchant weapon for 90 gold pieces
  6879 | D:7      | 6879 ||| BUYING scroll of identify (24 gold).
  6879 | D:7      | Bought a scroll of identify for 24 gold pieces
  6879 | D:7      | 6879 ||| BUYING scroll of identify (24 gold).
  6879 | D:7      | Bought a scroll of identify for 24 gold pieces
  6879 | D:7      | 6879 ||| SHOPLISTING scroll of identify (24 gold, have 10).
  6879 | D:7      | 6879 ||| READING 4 scrolls of enchant weapon.
  6879 | D:7      | 6879 ||| ENCHANTING +2 war axe.
  6880 | D:7      | 6880 ||| READING 3 scrolls of enchant weapon.
  6880 | D:7      | 6880 ||| ENCHANTING +3 war axe.
  6881 | D:7      | 6881 ||| READING 2 scrolls of enchant weapon.
  6881 | D:7      | 6881 ||| ENCHANTING +4 war axe.
  6882 | D:7      | 6882 ||| READING scroll of enchant weapon.
  6882 | D:7      | 6882 ||| ENCHANTING +5 war axe.
  7011 | D:7      | Reached skill level 1 in Dodging
  7524 | D:7      | Reached XP level 10. HP: 59/59 MP: 13/13
  7576 | D:7      | 7576 ||| RIP OSSUARY
  7584 | D:7      | 7584 ||| PLANNING D:1-11
  7584 | D:7      | 7584 ||| READING 3 scrolls labelled GAGGERU ZIUL.
  7585 | D:7      | 7585 ||| READING scroll labelled OBAEHIAZAH.
  7586 | D:7      | 7586 ||| READING scroll labelled TIOKEO NYOXT.
  7587 | D:7      | 7587 ||| DRINKING 2 murky silvery potions.
  7588 | D:7      | 7588 ||| READING 3 scrolls of identify.
  7588 | D:7      | 7588 ||| IDENTIFYING cyan potion
  7589 | D:7      | 7589 ||| READING 2 scrolls of identify.
  7589 | D:7      | 7589 ||| IDENTIFYING fizzy orange potion
  7611 | D:8      | 7611 ||| STAIRDANCE
  7633 | D:8      | Noticed a two-headed ogre
  7634 | D:8      | 7634 ||| INVOKING Heroism.
  7642 | D:8      | Killed a two-headed ogre
  7664 | D:8      | 7664 ||| STAIRDANCE
  7719 | D:8      | Noticed Prince Ribbit
  7720 | D:8      | 7720 ||| STAIRDANCE
  7726 | D:7      | Reached skill level 11 in Shields
  7737 | D:8      | Killed Prince Ribbit
  7737 | D:8      | Reached *** piety under Okawaru
  7821 | D:8      | Noticed qw's ghost (novice GrFi)
  7822 | D:8      | Noticed an oklob plant
  7824 | D:8      | Noticed a boulder beetle
  7844 | D:8      | Found a transporter.
  7849 | D:8      | Found a transporter.
  7893 | D:8      | 7893 ||| Stepping ~*~*~tactically~*~*~ (stealth).
  7894 | D:8      | 7894 ||| Stepping ~*~*~tactically~*~*~ (stealth).
  7896 | D:8      | 7896 ||| Stepping ~*~*~tactically~*~*~ (hiding).
  7898 | D:8      | Reached skill level 6 in Fighting
  7948 | D:8      | 7948 ||| INVOKING Heroism.
  8087 | D:8      | 8087 ||| Stepping ~*~*~tactically~*~*~ (stealth).
  8089 | D:8      | 8089 ||| INVOKING Heroism.
  8090 | D:8      | Noticed Maurice
  8091 | D:8      | Noticed Psyche
  8103 | D:8      | Received a gift from Okawaru
  8103 | D:8      | Killed Psyche
  8106 | D:8      | Reached skill level 9 in Axes
  8113 | D:8      | Killed Maurice
  8113 | D:8      | Reached **** piety under Okawaru
  8363 | D:8      | 8363 ||| UPGRADING to +6 ring of strength.
  8395 | D:9      | 8395 ||| INVOKING Heroism.
  8470 | D:9      | 8470 ||| INVOKING Heroism.
  8506 | D:9      | 8506 ||| INVOKING Heroism.
  8511 | D:9      | Reached skill level 3 in Throwing
  8524 | D:9      | Reached XP level 11. HP: 62/64 MP: 14/14
  8538 | D:9      | Reached skill level 12 in Shields
  8677 | D:9      | Noticed Erica
  8678 | D:9      | 8678 ||| INVOKING Heroism.
  8693 | D:9      | Killed Erica
  8868 | D:9      | 8868 ||| INVOKING Heroism.
  8878 | D:9      | Reached ***** piety under Okawaru
  8909 | D:9      | 8909 ||| Stepping ~*~*~tactically~*~*~ (hiding).
  8911 | D:9      | Noticed a sixfirhy
  8912 | D:9      | 8912 ||| INVOKING Heroism.
  8922 | D:9      | Reached skill level 6 in Invocations
  8996 | D:9      | 8996 ||| INVOKING Heroism.
  9128 | D:9      | 9128 ||| Stepping ~*~*~tactically~*~*~ (hiding).
  9132 | D:9      | Received a gift from Okawaru
  9250 | D:9      | 9250 ||| UPGRADING to +0 plate armour.
  9260 | D:9      | 9260 ||| DROPPING +0 chain mail.
  9261 | D:9      | 9261 ||| READING 2 scrolls of enchant armour.
  9261 | D:9      | 9261 ||| ENCHANTING +0 plate armour.
  9262 | D:9      | 9262 ||| READING scroll of enchant armour.
  9262 | D:9      | 9262 ||| ENCHANTING +1 plate armour.
  9268 | D:10     | Entered Level 10 of the Dungeon
  9298 | D:10     | 9298 ||| Stepping ~*~*~tactically~*~*~ (hiding).
  9375 | D:10     | Found a transporter.
  9382 | D:10     | Identified the +6 shortbow "Hydrabane" {flame, Int+2 Dex+8}
  9390 | D:10     | 9390 ||| INVOKING Heroism.
  9392 | D:10     | Found a staircase to the Lair.
  9395 | D:10     | 9395 ||| Stepping ~*~*~tactically~*~*~ (water).
  9415 | D:10     | 9415 ||| INVOKING Heroism.
  9417 | D:10     | Noticed Harold
  9439 | D:10     | 9439 ||| INVOKING Heroism.
  9443 | D:10     | Killed Harold
  9443 | D:10     | Identified the +0 ring mail of Tyble {rCorr} (Okawaru
                  | gifted it to you on level 10 of the Dungeon)
  9443 | D:10     | Received a gift from Okawaru
  9718 | D:10     | 9718 ||| Stepping ~*~*~tactically~*~*~ (hiding).
  9745 | D:10     | Gained mutation: You are clumsy. (Dex -2) [a neqoxec]
  9746 | D:10     | Gained mutation: Armour fits poorly on your strangely
                  | shaped body. [a neqoxec]
  9802 | D:10     | 9802 ||| DRINKING 5 potions of mutation.
  9802 | D:10     | Lost mutation: You have a pair of small antennae on your
                  | head. [potion of mutation]
  9802 | D:10     | Lost mutation: Armour fits poorly on your strangely shaped
                  | body. [potion of mutation]
  9802 | D:10     | Lost mutation: You expend magic power (3 MP) to strengthen
                  | your wands. [potion of mutation]
  9802 | D:10     | Lost mutation: Your mind is acute. (Int +4, Str/Dex -1)
                  | [potion of mutation]
  9802 | D:10     | Gained mutation: Your muscles are strong. (Str +4, Int/Dex
                  | -1) [potion of mutation]
  9802 | D:10     | Gained mutation: You have a pair of small horns on your
                  | head. [potion of mutation]
  9821 | D:10     | 9821 ||| FLEEEEING.
  9822 | D:10     | 9822 ||| FLEEEEING.
  9823 | D:10     | 9823 ||| FLEEEEING.
  9832 | D:10     | 9832 ||| FLEEEEING.
  9837 | D:10     | 9837 ||| FLEEEEING.
  9838 | D:10     | 9838 ||| Stepping ~*~*~tactically~*~*~ (hiding).
  9841 | D:10     | 9841 ||| Stepping ~*~*~tactically~*~*~ (hiding).
 10079 | D:10     | Found a transporter.
 10083 | D:10     | Noticed qw's ghost (journeyman GrFi)
 10083 | D:10     | Noticed a two-headed ogre
 10085 | D:10     | 10085 ||| INVOKING Heroism.
 10095 | D:10     | Killed a two-headed ogre
 10320 | D:10     | 10320 ||| Stepping ~*~*~tactically~*~*~ (hiding).
 10321 | D:10     | 10321 ||| Stepping ~*~*~tactically~*~*~ (hiding).
 10323 | D:10     | 10323 ||| INVOKING Heroism.
 10361 | D:10     | Noticed a two-headed ogre
 10367 | D:10     | Killed a two-headed ogre
 10461 | D:10     | 10461 ||| INVOKING Heroism.
 10559 | D:10     | 10559 ||| PLANNING LAIR
 10559 | D:10     | 10559 ||| DROPPING +0 ring mail of Tyble {rCorr}.
 10570 | Lair:1   | Entered Level 1 of the Lair of Beasts
 10570 | Lair:1   | Noticed an oklob plant
 10571 | Lair:1   | 10571 ||| INVOKING Heroism.
 10572 | Lair:1   | 10572 ||| INVOKING Finesse.
 10585 | Lair:1   | Killed an oklob plant
 10726 | Lair:1   | 10726 ||| INVOKING Heroism.
 10734 | Lair:1   | Reached XP level 12. HP: 72/72 MP: 16/18
 10772 | Lair:1   | Reached skill level 9 in Invocations
 11298 | Lair:1   | 11298 ||| READING 7 scrolls of identify.
 11298 | Lair:1   | 11298 ||| IDENTIFYING inky potion
 11299 | Lair:1   | 11299 ||| DROPPING potion of berserk rage.
 11783 | Lair:2   | Found a staircase to the Shoals.
 11959 | Lair:2   | Found a staircase to the Snake Pit.
 11969 | Lair:2   | 11969 ||| INVOKING Heroism.
 12097 | Lair:2   | 12097 ||| Stepping ~*~*~tactically~*~*~ (stealth).
 12107 | Lair:2   | 12107 ||| Stepping ~*~*~tactically~*~*~ (stealth).
 12374 | Lair:3   | 12374 ||| INVOKING Heroism.
 12377 | Lair:3   | 12377 ||| STAIRDANCE
 12391 | Lair:3   | 12391 ||| STAIRDANCE
 12396 | Lair:2   | Reached skill level 6 in Armour
 12534 | Lair:3   | 12534 ||| INVOKING Heroism.
 12536 | Lair:3   | Reached skill level 13 in Shields
 12581 | Lair:3   | 12581 ||| INVOKING Heroism.
 12584 | Lair:3   | 12584 ||| Stepping ~*~*~tactically~*~*~ (stealth).
 12625 | Lair:3   | 12625 ||| Stepping ~*~*~tactically~*~*~ (stealth).
 12634 | Lair:3   | 12634 ||| FLEEEEING.
 12637 | Lair:3   | 12637 ||| Stepping ~*~*~tactically~*~*~ (stealth).
 12640 | Lair:3   | 12640 ||| INVOKING Heroism.
 12669 | Lair:3   | 12669 ||| Stepping ~*~*~tactically~*~*~ (stealth).
 12752 | Lair:3   | 12752 ||| Stepping ~*~*~tactically~*~*~ (stealth).
 12781 | Lair:3   | 12781 ||| Stepping ~*~*~tactically~*~*~ (hiding).
 12782 | Lair:3   | 12782 ||| Stepping ~*~*~tactically~*~*~ (hiding).
 12873 | Lair:3   | 12873 ||| Stepping ~*~*~tactically~*~*~ (stealth).
 12877 | Lair:3   | 12877 ||| INVOKING Heroism.
 12881 | Lair:3   | Received a gift from Okawaru
 12976 | Lair:3   | 12976 ||| Stepping ~*~*~tactically~*~*~ (stealth).
 12978 | Lair:3   | 12978 ||| INVOKING Heroism.
 13020 | Lair:3   | Noticed a death yak
 13021 | Lair:3   | 13021 ||| INVOKING Finesse.
 13025 | Lair:3   | Noticed a death yak
 13029 | Lair:3   | Killed a death yak
 13034 | Lair:3   | Noticed a death yak
 13044 | Lair:3   | Killed a death yak
 13048 | Lair:3   | 13048 ||| INVOKING Heroism.
 13056 | Lair:3   | Killed a death yak
 13057 | Lair:3   | Reached XP level 13. HP: 79/79 MP: 15/20
 13263 | Lair:3   | 13263 ||| INVOKING Heroism.
 13398 | Lair:3   | Reached skill level 9 in Fighting
 13505 | Lair:3   | 13505 ||| INVOKING Heroism.
 13506 | Lair:3   | 13506 ||| Stepping ~*~*~tactically~*~*~ (hiding).
 13511 | Lair:3   | 13511 ||| Stepping ~*~*~tactically~*~*~ (hiding).
 13517 | Lair:3   | Received a gift from Okawaru
 13762 | Lair:3   | 13762 ||| UPGRADING to +0 pair of boots.
 13767 | Lair:3   | 13767 ||| DROPPING amulet of magic regeneration.
 13780 | Lair:4   | 13780 ||| INVOKING Heroism.
 13868 | Lair:4   | Found a viscous altar of Jiyva.
 13868 | Lair:4   | Found a staircase to the Slime Pits.
 13871 | Lair:4   | 13871 ||| INVOKING Heroism.
 13881 | Lair:4   | Reached skill level 14 in Shields
 13893 | Lair:4   | Received a gift from Okawaru
 14020 | Lair:4   | 14020 ||| Stepping ~*~*~tactically~*~*~ (stealth).
 14021 | Lair:4   | 14021 ||| INVOKING Heroism.
 14063 | Lair:4   | 14063 ||| SWAPPING to +0 morningstar.
 14064 | Lair:4   | 14064 ||| INVOKING Finesse.
 14071 | Lair:4   | 14071 ||| SWAPPING to +6 war axe.
 14123 | Lair:4   | 14123 ||| INVOKING Heroism.
 14136 | Lair:4   | Identified the +7 chain mail "Catri" {Rampage *Corrode
                  | Int+5} (Okawaru gifted it to you on level 4 of the Lair of
                  | Beasts)
 14136 | Lair:4   | Received a gift from Okawaru
 14154 | Lair:4   | You fall into a shaft and drop 1 floor!
 14154 | Lair:5   | Entered Level 5 of the Lair of Beasts
 14190 | Lair:5   | 14190 ||| Stepping ~*~*~tactically~*~*~ (stealth).
 14192 | Lair:5   | 14192 ||| Stepping ~*~*~tactically~*~*~ (stealth).
 14193 | Lair:5   | 14193 ||| Stepping ~*~*~tactically~*~*~ (stealth).
 14195 | Lair:5   | 14195 ||| INVOKING Heroism.
 14196 | Lair:5   | 14196 ||| SWAPPING to +0 morningstar.
 14197 | Lair:5   | 14197 ||| INVOKING Finesse.
 14205 | Lair:5   | 14205 ||| SWAPPING to +6 war axe.
 14275 | Lair:5   | 14275 ||| Stepping ~*~*~tactically~*~*~ (stealth).
 14276 | Lair:5   | 14276 ||| Stepping ~*~*~tactically~*~*~ (stealth).
 14279 | Lair:5   | 14279 ||| INVOKING Heroism.
 14297 | Lair:5   | Reached skill level 12 in Axes
 14383 | Lair:5   | 14383 ||| INVOKING Heroism.
 14487 | Lair:5   | 14487 ||| Stepping ~*~*~tactically~*~*~ (stealth).
 14488 | Lair:5   | 14488 ||| Stepping ~*~*~tactically~*~*~ (stealth).
 14517 | Lair:5   | 14517 ||| Stepping ~*~*~tactically~*~*~ (stealth).
 14565 | Lair:5   | 14565 ||| DROPPING +7 chain mail "Catri" {Rampage *Corrode
                  | Int+5}.
 14566 | Lair:5   | 14566 ||| UPGRADING to +4 ring of evasion.
 14568 | Lair:5   | 14568 ||| DROPPING +6 ring of strength.
 14569 | Lair:5   | 14569 ||| READING 11 scrolls of identify.
 14569 | Lair:5   | 14569 ||| IDENTIFYING viscous dark potion
 14674 | Lair:4   | 14674 ||| INVOKING Heroism.
 14719 | Lair:4   | 14719 ||| INVOKING Heroism.
 14800 | Lair:4   | 14800 ||| INVOKING Heroism.
 14848 | Lair:4   | Gained mutation: Your large and strong wings let you fly.
                  | [Gargoyle growth]
 14848 | Lair:4   | Reached XP level 14. HP: 88/88 MP: 21/21
 15328 | Lair:4   | 15328 ||| INVOKING Heroism.
 15492 | Lair:5   | 15492 ||| Stepping ~*~*~tactically~*~*~ (stealth).
 15494 | Lair:5   | 15494 ||| INVOKING Heroism.
 15512 | Lair:5   | Received a gift from Okawaru
 15556 | Lair:5   | 15556 ||| DROPPING +1 war axe of electrocution.
 15638 | Lair:5   | Reached skill level 9 in Armour
 15643 | Lair:5   | 15643 ||| Stepping ~*~*~tactically~*~*~ (stealth).
 15645 | Lair:5   | 15645 ||| INVOKING Heroism.
 15646 | Lair:5   | 15646 ||| Stepping ~*~*~tactically~*~*~ (stealth).
 15658 | Lair:5   | Reached ****** piety under Okawaru
 15715 | Lair:5   | 15715 ||| INVOKING Heroism.
 15716 | Lair:5   | 15716 ||| INVOKING Finesse.
 15718 | Lair:5   | 15718 ||| SWAPPING to +0 morningstar.
 15731 | Lair:5   | 15731 ||| SWAPPING to +6 war axe.
 15884 | Lair:5   | 15884 ||| INVOKING Heroism.
 15885 | Lair:5   | 15885 ||| INVOKING Finesse.
 15890 | Lair:5   | 15890 ||| SWAPPING to +0 morningstar.
 15894 | Lair:5   | 15894 ||| Stepping ~*~*~tactically~*~*~ (outnumbered).
 15895 | Lair:5   | 15895 ||| Stepping ~*~*~tactically~*~*~ (outnumbered).
 15896 | Lair:5   | 15896 ||| Stepping ~*~*~tactically~*~*~ (outnumbered).
 15897 | Lair:5   | 15897 ||| Stepping ~*~*~tactically~*~*~ (outnumbered).
 15898 | Lair:5   | 15898 ||| Stepping ~*~*~tactically~*~*~ (outnumbered).
 15899 | Lair:5   | 15899 ||| Stepping ~*~*~tactically~*~*~ (outnumbered).
 15900 | Lair:5   | 15900 ||| Stepping ~*~*~tactically~*~*~ (outnumbered).
 15901 | Lair:5   | 15901 ||| Stepping ~*~*~tactically~*~*~ (outnumbered).
 15903 | Lair:5   | 15903 ||| Stepping ~*~*~tactically~*~*~ (outnumbered).
 15904 | Lair:5   | 15904 ||| Stepping ~*~*~tactically~*~*~ (outnumbered).
 15905 | Lair:5   | 15905 ||| Stepping ~*~*~tactically~*~*~ (outnumbered).
 15926 | Lair:5   | HP: 22/88 [yak (4)]
 15927 | Lair:5   | 15927 ||| READING 9 scrolls of teleportation.
 15928 | Lair:5   | 15928 ||| DRINKING potion of heal wounds.
 15929 | Lair:5   | 15929 ||| Stepping ~*~*~tactically~*~*~ (outnumbered).
 15930 | Lair:5   | 15930 ||| Stepping ~*~*~tactically~*~*~ (outnumbered).
 15931 | Lair:5   | 15931 ||| Stepping ~*~*~tactically~*~*~ (outnumbered).
 15932 | Lair:5   | 15932 ||| SWAPPING to +6 war axe.
 16171 | Lair:5   | Noticed Nessos
 16172 | Lair:5   | 16172 ||| INVOKING Finesse.
 16174 | Lair:5   | 16174 ||| Stepping ~*~*~tactically~*~*~ (hiding).
 16175 | Lair:5   | 16175 ||| Stepping ~*~*~tactically~*~*~ (hiding).
 16187 | Lair:5   | 16187 ||| Stepping ~*~*~tactically~*~*~ (hiding).
 16188 | Lair:5   | 16188 ||| Stepping ~*~*~tactically~*~*~ (hiding).
 16189 | Lair:5   | 16189 ||| Stepping ~*~*~tactically~*~*~ (hiding).
 16191 | Lair:5   | 16191 ||| Stepping ~*~*~tactically~*~*~ (hiding).
 16195 | Lair:5   | 16195 ||| Stepping ~*~*~tactically~*~*~ (hiding).
 16196 | Lair:5   | 16196 ||| INVOKING Heroism.
 16204 | Lair:5   | 16204 ||| Stepping ~*~*~tactically~*~*~ (hiding).
 16207 | Lair:5   | 16207 ||| Stepping ~*~*~tactically~*~*~ (hiding).
 16209 | Lair:5   | 16209 ||| Stepping ~*~*~tactically~*~*~ (hiding).
 16215 | Lair:5   | 16215 ||| Stepping ~*~*~tactically~*~*~ (hiding).
 16216 | Lair:5   | 16216 ||| Stepping ~*~*~tactically~*~*~ (stealth).
 16219 | Lair:5   | 16219 ||| Stepping ~*~*~tactically~*~*~ (hiding).
 16223 | Lair:5   | 16223 ||| Stepping ~*~*~tactically~*~*~ (hiding).
 16232 | Lair:5   | 16232 ||| Stepping ~*~*~tactically~*~*~ (hiding).
 16233 | Lair:5   | 16233 ||| INVOKING Finesse.
 16233 | Lair:5   | HP: 9/88 [Nessos/arrow (16)]
 16233 | Lair:5   | HP: 2/88 [Nessos/arrow (7)]
 16234 | Lair:5   | 16234 ||| READING 8 scrolls of teleportation.
 16238 | Lair:5   | Killed Nessos
 16242 | Lair:5   | 16242 ||| READING 7 scrolls of teleportation.
 16242 | Lair:5   | HP: 1/88 [six-headed hydra (3)]
 16243 | Lair:5   | 16243 ||| SWAPPING to +0 morningstar.
 16248 | Lair:5   | 16248 ||| SWAPPING to +6 war axe.
 16764 | Lair:5   | 16764 ||| Stepping ~*~*~tactically~*~*~ (hiding).
 16767 | Lair:5   | 16767 ||| Stepping ~*~*~tactically~*~*~ (hiding).
 16821 | Lair:5   | 16821 ||| INVOKING Heroism.
 16838 | Lair:5   | 16838 ||| Stepping ~*~*~tactically~*~*~ (stealth).
 16950 | Lair:5   | 16950 ||| INVOKING Heroism.
 16951 | Lair:5   | 16951 ||| INVOKING Finesse.
 16955 | Lair:5   | 16955 ||| SWAPPING to +0 morningstar.
 16960 | Lair:5   | 16960 ||| SWAPPING to +6 war axe.
 17058 | Lair:5   | Reached skill level 15 in Shields
 17083 | Lair:5   | 17083 ||| INVOKING Heroism.
 17084 | Lair:5   | 17084 ||| INVOKING Finesse.
 17085 | Lair:5   | 17085 ||| SWAPPING to +0 morningstar.
 17094 | Lair:5   | 17094 ||| SWAPPING to +6 war axe.
 17139 | Lair:5   | 17139 ||| READING scroll of enchant weapon.
 17139 | Lair:5   | 17139 ||| ENCHANTING +6 war axe.
 17160 | Lair:5   | 17160 ||| Stepping ~*~*~tactically~*~*~ (hiding).
 17284 | Lair:5   | 17284 ||| Stepping ~*~*~tactically~*~*~ (stealth).
 17340 | Abyss:3  | Cast into level 3 of the Abyss (a wizard)
 17341 | Abyss:3  | Found a corrupted altar of Lugonu.
 17365 | Abyss:3  | Found a candlelit altar of Ignis.
 17374 | Abyss:3  | Noticed a lich
 17375 | Abyss:3  | 17375 ||| Stepping ~*~*~tactically~*~*~ (hiding).
 17377 | Abyss:3  | 17377 ||| Stepping ~*~*~tactically~*~*~ (hiding).
 17378 | Abyss:3  | 17378 ||| Stepping ~*~*~tactically~*~*~ (hiding).
 17379 | Abyss:3  | 17379 ||| INVOKING Heroism.
 17380 | Abyss:3  | 17380 ||| INVOKING Finesse.
 17389 | Abyss:3  | Killed a lich
 17400 | Abyss:3  | 17400 ||| Stepping ~*~*~tactically~*~*~ (stealth).
 17419 | Abyss:3  | 17419 ||| Stepping ~*~*~tactically~*~*~ (stealth).
 17430 | Abyss:3  | 17430 ||| Stepping ~*~*~tactically~*~*~ (stealth).
 17460 | Abyss:3  | Noticed a starcursed mass
 17461 | Abyss:3  | 17461 ||| Stepping ~*~*~tactically~*~*~ (hiding).
 17535 | Abyss:3  | 17535 ||| INVOKING Heroism.
 17545 | Abyss:3  | 17545 ||| Stepping ~*~*~tactically~*~*~ (hiding).
 17548 | Abyss:3  | Noticed a tentacled starspawn
 17555 | Abyss:3  | Noticed a Hell Sentinel
 17556 | Abyss:3  | 17556 ||| INVOKING Finesse.
 17567 | Abyss:3  | Killed a tentacled starspawn
 17567 | Abyss:3  | Identified the -1 cloak of qw's Conscience {rF- Regen+
                  | Str+3 Int+2} (Okawaru gifted it to you on level 3 of the
                  | Abyss)
 17567 | Abyss:3  | Received a gift from Okawaru
 17579 | Abyss:3  | HP: 19/88 [thrashing horror (10)]
 17580 | Abyss:3  | 17580 ||| READING 6 scrolls of teleportation.
 17582 | Abyss:3  | Slain by a Hell Sentinel

Levels and vault maps discovered:
D:1:      dpeg_arrival_leaves_temple_mockup, layout_rooms, serial_park_tiny_2,
          minmay_misc_feat_columns
D:2:      layout_rooms, basic_altar, minmay_misc_feat_secret_circle,
          minmay_tetromino_i4, uniq_sigmund
D:3:      layout_loops_ring, shapermc_ecumenical_altar_mp_vishouse
D:4:      layout_loops_cross, mainiacjoe_overflow_large_starburst,
          minmay_temple_entry_nine_rooms, nicolae_kite_square_tiling_tiny,
          minmay_pentangle
D:5:      layout_basic, hellmonk_ghost_happy_afterlife, uniq_edmund,
          uniq_crazy_yiuf_cottage
D:6:      layout_rooms, chequers_garden, grunt_ministairs_5,
          amcnicky_mini_pool_small, feat_on_display
D:7:      layout_loops_ring, serial_shops, shop, enter_ossuary_5
D:8:      layout_gridville, nzn_ghost_randoct, uniq_maurice,
          uniq_prince_ribbit1, uniq_psyche
D:9:      layout_basic, enter_bailey_8, amcnicky_mini_rare_corridor_liquid,
          uniq_erica
D:10:     layout_stronghold, erik_lair_island, serial_demonic, serial_demonic_f,
          serial_demonic_b, serial_demonic_b, serial_demonic_c,
          serial_demonic_f, gammafunk_ghost_stat_death, uniq_harold
Temple:   mainiacjoe_temple_cubbyholes
Lair:1:   dpeg_oklob_gauntlet, layout_gridlike
Lair:2:   layout_gridlike, minmay_shoals_entry_hut, guppyfry_snake_entry_garden,
          serial_bayou_shore_a
Lair:3:   regret_index_bee_streams, layout_regular_city,
          chequers_serial_rivers_micro_e
Lair:4:   layout_cellular_growth, slime_entry_1, serial_bayou_crossing,
          grunt_megastairs_2
Lair:5:   evil_forest, layout_loops_ring, infiniplex_staircase_pool_2,
          uniq_nessos
Abyss:3:  base:
Lair:3

Skill      XL: |  1  2  3  4  5  6  7  8  9 10 11 12 13 14 |
---------------+-------------------------------------------+-----
Axes           | 2 3 5 6 7 9 10 11 12 13 | 13.9
Throwing       | 1 2 3 4 5 |  5.1
Shields        | 5 8 9 10 11 12 13 14 15 | 15.0
Invocations    | 4 8 10 | 10.0
Fighting       | 4 5 6 7 8 10 | 10.0
Dodging        | 1 |  1.6
Armour         | 4 5 6 8 9 |  9.1

Action                   |  1- 3 |  4- 6 |  7- 9 | 10-12 | 13-15 || total
-------------------------+-------+-------+-------+-------+-------++-------
Melee: War axe           |    55 |    83 |   322 |   551 |   461 ||  1472
       Headbutt          |       |       |       |    42 |   123 ||   165
       Morningstar       |       |       |       |       |    59 ||    59
Throw: Javelin           |    20 |    22 |    35 |    58 |    87 ||   222
       Boomerang         |       |       |    12 |    12 |     7 ||    31
Invok: Heroism           |       |       |    17 |    26 |    23 ||    66
       Finesse           |       |       |       |     2 |    10 ||    12
  Use: Potion            |     4 |     2 |     2 |     2 |     1 ||    11
       Scroll            |     2 |     6 |    12 |     8 |     6 ||    34
 Stab: Distracted        |       |       |       |     1 |       ||     1
Armor: Scale mail        |    33 |    37 |    13 |       |       ||    83
       Chain mail        |       |       |   130 |    57 |       ||   187
       Plate armour      |       |       |       |   197 |   277 ||   474
Dodge: Dodged            |    17 |    23 |    49 |   115 |   145 ||   349
Block: Buckler           |    11 |     4 |       |       |       ||    15
       Tower shield      |       |    33 |   265 |   488 |   508 ||  1294

Table legend:
 A = Non-vault XP
 B = Vault XP
 C = Vault XP percentage of total XP
 D = Non-vault monster count
 E = Vault monster count
 F = Vault count percentage of total count
                 A         B        C        D         E       F
            +---------+---------+-------+---------+---------+-------
      Total |   58437 |   19617 |  25.1 |     325 |     101 |  23.7
            +---------+---------+-------+---------+---------+-------
        D:1 |      30 |       0 |   0.0 |      17 |       0 |   0.0
        D:2 |      49 |     225 |  82.1 |      19 |       3 |  13.6
        D:3 |      36 |       0 |   0.0 |      15 |       0 |   0.0
        D:4 |     459 |      53 |  10.4 |      14 |       4 |  22.2
        D:5 |    1699 |     158 |   8.5 |      34 |       1 |   2.9
        D:6 |     802 |     117 |  12.7 |      14 |       5 |  26.3
        D:7 |    1169 |       0 |   0.0 |      14 |       0 |   0.0
        D:8 |    2338 |    1154 |  33.0 |      19 |       3 |  13.6
        D:9 |    3130 |     842 |  21.2 |      37 |       1 |   2.6
       D:10 |    3044 |    2423 |  44.3 |      15 |      13 |  46.4
     Lair:1 |     876 |     557 |  38.9 |       3 |       1 |  25.0
     Lair:2 |    2586 |     757 |  22.6 |       8 |       4 |  33.3
     Lair:3 |    7621 |    5798 |  43.2 |      24 |      48 |  66.7
     Lair:4 |   10818 |    1637 |  13.1 |      41 |       3 |   6.8
     Lair:5 |   16306 |    5896 |  26.6 |      40 |      15 |  27.3
    Abyss:3 |    7474 |       0 |   0.0 |      11 |       0 |   0.0
            +---------+---------+-------+---------+---------+-------
